 Dungeon Crawl Stone Soup version 0.23.0-42-geed6394480 (webtiles) character file.

Game seed: 13773039164772587543

801 Peloso the Shield-Bearer (level 7, 0/90 HPs)
             Began as a Minotaur Fighter on Feb 28, 2019.
             Slain by Grinder (3 damage)
             ... on level 4 of the Dungeon.
             The game lasted 00:06:57 (3415 turns).

Peloso the Shield-Bearer (Minotaur Fighter)         Turns: 3415, Time: 00:06:57

Health: 0/90       AC: 10    Str: 26    XL:     7   Next: 59%
Magic:  6/6        EV:  9    Int:  5    God:
Gold:   111        SH: 11    Dex: 11    Spells: 6/6 levels left

rFire    . . .     SeeInvis .   a - +0 long sword
rCold    . . .     Gourm    .   c - +0 shield
rNeg     . . .     Faith    .   r - +3 scale mail
rPois    .         Spirit   .   (helmet restricted)
rElec    .         Reflect  .   (no cloak)
rCorr    .         Harm     .   (no gloves)
MR       .....                  (no boots)
Stlth    ..........             (no amulet)
HPRegen  0.25/turn              (no ring)
MPRegen  0.10/turn              (no ring)

@: berserking, very quick
A: retaliatory headbutt, horns 2
a: no special abilities


You were on level 4 of the Dungeon.
You were very hungry.

You visited 1 branch of the dungeon, and saw 4 of its levels.
You also visited: Sewer.

You collected 111 gold pieces.

Inventory:

Hand Weapons
 a - a +0 long sword (weapon)
Armour
 b - a +0 scale mail
 c - a +0 shield (worn)
 r - a +3 scale mail (worn)
Jewellery
 u - an uncursed amulet of magic regeneration {unknown}
Scrolls
 h - 7 scrolls of teleportation {unknown}
 i - 6 scrolls of identify {unknown}
 n - a scroll of remove curse {unknown}
 p - 2 scrolls of fear {unknown}
 s - 4 scrolls of enchant armour {unknown}
 t - 2 scrolls of magic mapping {unknown}
 v - 5 scrolls of fog {unknown}
 w - a scroll of amnesia {unknown}
Potions
 d - 2 potions of might
 e - a potion of cancellation {unknown}
 g - a potion of heal wounds {unknown}
 j - a potion of berserk rage
 k - a potion of lignification {unknown}
 l - a potion of haste {unknown}
 m - a potion of flight {unknown}
 o - a potion of magic {unknown}
 q - a potion of agility {unknown}
Comestibles
 f - 7 rations


   Skills:
 + Level 4.6 Fighting
 + Level 6.1 Long Blades
 + Level 6.3 Armour
 + Level 2.2 Dodging
 + Level 6.4 Shields


You had 6 spell levels left.
You didn't know any spells.
Your spell library contained the following spells:

 Spells                   Type           Power        Failure   Level  Hunger
 Confusing Touch          Hex            #.....       98%         1    ##.....
 Confuse                  Hex            #.......     100%        3    ####...
 Gell's Gravitas          Tloc           #.........   100%        3    ####...
 Petrify                  Tmut/Erth      #.......     100%        4    #####..
 Metabolic Englaciation   Hex/Ice        #.........   100%        5    ######.
 Yara's Violent Unravell  Hex/Tmut       #.........   100%        5    ######.


Dungeon Overview and Level Annotations

Branches:
Dungeon (4/15)
 Temple: D:4-7

Altars:
Cheibriados
Trog

Annotations:
D:4 Grinder


Innate Abilities, Weirdness & Mutations

You reflexively headbutt those who attack you in melee.
You have a pair of horns on your head.


Message History

You writhe in agony.
* * * LOW HITPOINT WARNING * * *
You closely miss Grinder. You headbutt Grinder.
Grinder is heavily wounded.
Grinder gestures at you.
You suddenly lose the ability to move!
Grinder hits you.
* * * LOW HITPOINT WARNING * * *
You writhe in agony.
* * * LOW HITPOINT WARNING * * *
You can move again.
It was a potion of berserk rage.
A red film seems to cover your vision as you go berserk!
You feel yourself moving faster!
You feel mighty! You block Grinder's attack.
You slash Grinder!
Grinder is almost dead.
You hit Grinder.
Grinder is almost dead.
Grinder hits you.
You die...

#.........#
#..###.#.####
#$............
#...##........
#...####.####..
#...# #.# .
#...# ...
#.5.##.###.
######.@....#
..
.........##.#
#.......$......
######.########
#. ##


You could see Grinder.

Vanquished Creatures
  A gnoll sergeant (D:3)
  A crimson imp (D:4)
  A gnoll shaman (D:3)
  A bullfrog skeleton (D:4)
  Jessica (D:3)
  37 gnolls
  A howler monkey skeleton (D:4)
  14 adders
  2 oozes (D:2)
  3 dart slugs
  2 leopard geckos
  5 orcs
  4 ball pythons
  4 giant cockroaches
  9 goblins
  8 hobgoblins
  16 jackals
  9 kobolds
  A quokka (D:3)
  6 bats
  7 frilled lizards
  9 rats
142 creatures vanquished.

Notes
Turn   | Place    | Note
-------+----------+-------------------------------------------
     0 | D:1      | Peloso the Minotaur Fighter began the quest for the Orb.
     0 | D:1      | Reached XP level 1. HP: 19/19 MP: 0/0
    88 | D:1      | Reached XP level 2. HP: 27/27 MP: 1/1
   188 | D:1      | Reached XP level 3. HP: 22/33 MP: 2/2
   848 | D:2      | Reached XP level 4. HP: 36/40 MP: 3/3
   858 | D:2      | Found a bloodstained altar of Trog.
  1456 | D:3      | Reached skill level 5 in Shields
  1582 | D:3      | Noticed Jessica
  1588 | D:3      | Reached XP level 5. HP: 44/46 MP: 4/4
  1590 | D:3      | Killed Jessica
  1590 | D:3      | Reached skill level 5 in Armour
  1613 | D:3      | Found a glowing drain.
  1668 | Sewer    | Entered a sewer
  1987 | D:3      | Reached skill level 1 in Dodging
  2106 | D:3      | Found a snail-covered altar of Cheibriados.
  2107 | D:3      | Reached XP level 6. HP: 52/52 MP: 5/5
  2564 | D:3      | Reached skill level 5 in Long Blades
  2850 | D:3      | Reached XP level 7. HP: 46/60 MP: 6/6
  3388 | D:4      | Noticed Grinder
  3393 | D:4      | Paralysed by Grinder for 4 turns
  3403 | D:4      | Paralysed by Grinder for 5 turns
  3411 | D:4      | Paralysed by Grinder for 2 turns
  3412 | D:4      | HP: 3/60 [Grinder (6)]
  3415 | D:4      | Slain by Grinder

Skill      XL: |  1  2  3  4  5  6  7 |
---------------+----------------------+-----
Shields        | 4 5 6 |  6.4
Armour         | 4 5 6 |  6.3
Fighting       | 4 |  4.6
Long Blades    | 3 4 5 6 |  6.1
Dodging        | 1 2 |  2.2

Action                   |  1- 3 |  4- 6 |  7- 9 || total
-------------------------+-------+-------+-------++-------
Melee: Long sword        |    77 |   223 |    75 ||   375
       Headbutt          |    18 |    39 |    19 ||    76
  Use: Potion            |       |       |     1 ||     1
  Eat: Chunk             |       |     6 |     2 ||     8
Armor: Scale mail        |    35 |    97 |    19 ||   151
Dodge: Dodged            |    31 |    68 |    29 ||   128
Block: Shield            |    53 |   146 |    47 ||   246
       Rpst.: Long sword |     9 |    17 |    11 ||    37
